[Event "44th Chess Olympiad Women 2022"]
[Site "Chennai"]
[Date "2022.08.09"]
[Round "11.41"]
[White "Stojkovska, Monika"]
[Black "Sakai, Azumi"]
[Result "1/2-1/2"]
[ECO "C06"]
[WhiteElo "2091"]
[BlackElo "1759"]
[Annotator "NA RC"]
[PlyCount "74"]
[EventDate "2022.07.29"]
[EventType "team-tourn"]
[EventCountry "IND"]
[SourceTitle "playchess.com"]
[Source "ChessBase"]
[SourceQuality "1"]
[WhiteTeam "Macedonia"]
[BlackTeam "Japan"]
[WhiteTeamCountry "MKD"]
[BlackTeamCountry "JPN"]
[TimeControl "40/5400+30:1800+30"]

1. e4 e6 2. d4 d5 3. Nd2 Nf6 4. e5 Nfd7 5. c3 c5 6. Bd3 Nc6 7. Ne2 cxd4 8. cxd4 f6 9. exf6 Nxf6 10. Nf3 Bd6 11. O-O Qc7 12. g3 O-O 13. Bf4 Ng4 14. Rc1 e5 15. dxe5 Ngxe5 16. Nxe5 Bxe5 17. Bb5 Qd6 18. Bxc6 bxc6 19. Bxe5 Qxe5 20. Nd4 Bh3 21. Re1 Qf6 22. f3 Rac8 23. b4 h5 24. Qd2 Bd7 25. Kg2 Rf7 26. Rc3 Qd6 27. Rc5 h4 28. a3 Qf8 29. Qg5 h3+ 30. Kf2 Re8 31. Rcc1 a5 32. Rxe8 Bxe8 33. Rc5 axb4 34. axb4 Bd7 35. Qe5 Re7 36. Qf4 Rf7 37. Qe5 Re7 1/2-1/2

[Event "44th Chess Olympiad Women 2022"]
[Site "Chennai"]
[Date "2022.08.09"]
[Round "11.41"]
[White "Nikolovska, Dragana"]
[Black "Misawa, Yuki"]
[Result "1-0"]
[ECO "B13"]
[WhiteElo "1876"]
[BlackElo "1587"]
[Annotator "NA RC COMBH"]
[PlyCount "65"]
[EventDate "2022.07.29"]
[EventType "team-tourn"]
[EventCountry "IND"]
[SourceTitle "playchess.com"]
[Source "ChessBase"]
[SourceQuality "1"]
[WhiteTeam "Macedonia"]
[BlackTeam "Japan"]
[WhiteTeamCountry "MKD"]
[BlackTeamCountry "JPN"]
[TimeControl "40/5400+30:1800+30"]

1. e4 c6 2. d4 d5 3. exd5 cxd5 4. Bd3 Nc6 5. c3 Nf6 6. h3 Ne4 7. Qf3 Nf6 8. Bf4 e6 9. Nd2 Bd6 10. Ne2 Bxf4 11. Qxf4 Ne7 12. Nf3 Ng6 13. Qe3 Bd7 14. O-O Qb6 15. a4 O-O 16. Rfe1 Rfe8 17. Ne5 Bc6 18. Qg3 Nxe5 19. dxe5 Ne4 20. Bxe4 dxe4 21. Nf4 g6 22. Nh5 Kf8 23. Nf6 h5 24. Nxe8 Rxe8 25. b4 Bd5 26. Qg5 Qc7 27. Re3 Qc4 28. Rg3 Qe2 29. Qf6 a6 30. Rxg6 e3 31. fxe3 Qxe3+ 32. Kh2 Qe2 33. Rf1 1-0

[Event "44th Chess Olympiad Women 2022"]
[Site "Chennai"]
[Date "2022.08.09"]
[Round "11.41"]
[White "Kojima, Natsumi"]
[Black "Manova, Ivana"]
[Result "0-1"]
[ECO "B23"]
[WhiteElo "1782"]
[BlackElo "1849"]
[Annotator "NA RC COMBH"]
[PlyCount "86"]
[EventDate "2022.07.29"]
[EventType "team-tourn"]
[EventCountry "IND"]
[SourceTitle "playchess.com"]
[Source "ChessBase"]
[SourceQuality "1"]
[WhiteTeam "Japan"]
[BlackTeam "Macedonia"]
[WhiteTeamCountry "JPN"]
[BlackTeamCountry "MKD"]
[TimeControl "40/5400+30:1800+30"]

1. e4 c5 2. Nc3 Nc6 3. f4 g6 4. Nf3 Bg7 5. Bc4 e6 6. d3 Nge7 7. O-O d5 8. Bb3 O-O 9. Qe1 Nd4 10. e5 Nef5 11. g4 Nxf3+ 12. Rxf3 Nd4 13. Rh3 h6 14. Ne2 Nxe2+ 15. Qxe2 b5 16. c3 d4 17. cxd4 cxd4 18. Bd2 Qb6 19. Bd1 Bb7 20. Qf2 f6 21. exf6 Rxf6 22. Bf3 Rf7 23. Rc1 e5 24. Bxb7 Qxb7 25. Qf3 Qxf3 26. Rxf3 Re8 27. Kg2 exf4 28. Bxf4 Re2+ 29. Kg3 Rxb2 30. Rc6 g5 31. Bb8 Rxf3+ 32. Kxf3 Rxa2 33. Rc7 a5 34. Ke4 Re2+ 35. Kd5 Re5+ 36. Kd6 Re8 37. Ba7 Be5+ 38. Kd7 Bxc7 39. Kxe8 Be5 40. h3 b4 41. Bc5 b3 42. Ba3 Bd6 43. Bb2 a4 0-1

[Event "44th Chess Olympiad Women 2022"]
[Site "Chennai"]
[Date "2022.08.09"]
[Round "11.41"]
[White "Mitsuyama, Rikka"]
[Black "Eftovska, Lea"]
[Result "0-1"]
[ECO "E94"]
[WhiteElo "1157"]
[BlackElo "1634"]
[Annotator "NA COMBH"]
[PlyCount "118"]
[EventDate "2022.07.29"]
[EventType "team-tourn"]
[EventCountry "IND"]
[SourceTitle "playchess.com"]
[Source "ChessBase"]
[SourceQuality "1"]
[WhiteTeam "Japan"]
[BlackTeam "Macedonia"]
[WhiteTeamCountry "JPN"]
[BlackTeamCountry "MKD"]
[TimeControl "40/5400+30:1800+30"]

1. d4 Nf6 2. c4 g6 3. Nc3 d6 4. e4 Bg7 5. Nf3 O-O 6. Be2 Nbd7 7. O-O e5 8. d5 Nc5 9. Qc2 a5 10. b3 b6 11. a3 Nh5 12. Nd2 Nf4 13. Bf3 Qg5 14. Kh1 h5 15. g3 Nh3 16. Bg2 Qe7 17. Nf3 f6 18. Be3 Ng5 19. Nh4 Kh7 20. f4 Nf7 21. f5 Nh8 22. b4 Nb7 23. Qe2 gxf5 24. Qxh5+ Kg8 25. exf5 Qf7 26. Ng6 Re8 27. Ne4 Bxf5 28. Qxf5 Qxg6 29. Qxg6 Nxg6 30. Nxf6+ Bxf6 31. Rxf6 Kg7 32. Raf1 Rf8 33. Bg5 axb4 34. axb4 Ra4 35. Rxf8 Nxf8 36. Bd2 Ra2 37. Rf2 Ra1+ 38. Bf1 Nh7 39. h4 Nf6 40. Bh6+ Kg6 41. Bf8 Ne4 42. h5+ Kxh5 43. Rh2+ Kg4 44. Kg2 Nxg3 45. Bd3 Ra2+ 46. Kg1 Rxh2 47. Kxh2 e4 48. Bc2 Kf3 49. Be7 e3 50. Bh4 Nf1+ 51. Kg1 e2 52. Bf2 Nd8 53. Bg6 Ng3 54. Bd3 Ne4 55. Be1 Nf7 56. Bc2 Ne5 57. Bb3 Nd3 58. Bh4 e1=Q+ 59. Bxe1 Nxe1 0-1

[Event "44th Chess Olympiad Women 2022"]
[Site "Chennai"]
[Date "2022.08.09"]
[Round "11.42"]
[White "Cooke, Suzie G."]
[Black "Ampaire Shakira"]
[Result "1-0"]
[ECO "D10"]
[WhiteElo "1936"]
[BlackElo "1666"]
[Annotator "TA"]
[PlyCount "65"]
[EventDate "2022.07.29"]
[EventType "team-tourn"]
[EventCountry "IND"]
[SourceTitle "playchess.com"]
[Source "ChessBase"]
[SourceQuality "1"]
[WhiteTeam "Scotland"]
[BlackTeam "Uganda"]
[WhiteTeamCountry "SCO"]
[BlackTeamCountry "UGA"]
[TimeControl "40/5400+30:1800+30"]

1. d4 d5 2. Bf4 Nf6 3. e3 Bf5 4. c4 c6 5. Nc3 e6 6. Qb3 {[%emt 0:02:49] D10: Slav Defence: 3 cxd5 (without early Nf3) and 3 Nc3.} Qb6 7. c5 Qxb3 8. axb3 {[%emt 0:00:03] White is slightly better.} Nbd7 9. b4 {[%emt 0:00:29] White is more active.} Be7 10. b5 $1 {[%emt 0:07:22] The main line 10.b5 scores better than 10.h3.} O-O 11. bxc6 bxc6 12. Ba6 {[%emt 0:05:21] Bb7 is the strong threat.} Nh5 $2 {[%emt 0:01:10] [#] Black cannot hold the game after this.} (12... e5 $1 $11 13. Bg3 Rab8) 13. Bc7 $1 $18 {[%emt 0:01:19] [#]} Rab8 $146 ({Predecessor:} 13... e5 14. Nf3 Be4 15. Nxe4 dxe4 16. Nxe5 Nxe5 17. Bxe5 Nf6 18. Bb7 Nd7 19. Bg3 a5 20. Bxc6 Ra7 21. b4 Rc8 22. Bxe4 {1-0 (22) Babarykin,S (2387)-Bratu,G (1799) Calimanesti 2019}) 14. Bxb8 Rxb8 15. Ra2 Bc2 (15... Nhf6 $142 16. Be2 Rb7) 16. Nf3 Bb3 17. Ra1 Bc2 18. O-O ({But not} 18. Be2 Rb7 19. b4 Rxb4 20. Rxa7 Nhf6 $18) 18... Rxb2 19. Bc8 {[%emt 0:01:00][%csl LRa7,LRd7] White is clearly winning.} Nb8 (19... Nxc5 $142 20. dxc5 Bxc5) 20. Rxa7 Kf8 21. Ne5 Nf6 22. Rb7 Rxb7 23. Bxb7 Bd8 24. Ra1 Bc7 25. Nxc6 Nxc6 26. Bxc6 Bd3 27. Ra7 Bd8 28. Bb5 Bxb5 29. Nxb5 {[%emt 0:00:04] [#] aiming for Nd6.} Ke8 30. Nd6+ Kf8 31. Rxf7+ Kg8 32. Ra7 Kf8 33. c6 {[%emt 0:00:20] Weighted Error Value: White=0.12 (very precise) /Black=0.58} 1-0

[Event "44th Chess Olympiad Women 2022"]
[Site "Chennai"]
[Date "2022.08.09"]
[Round "11.42"]
[White "Hughes, Rhian"]
[Black "Kawuma Patricia"]
[Result "1/2-1/2"]
[ECO "A29"]
[WhiteElo "1843"]
[BlackElo "1653"]
[Annotator "NA RC COMBH"]
[PlyCount "71"]
[EventDate "2022.07.29"]
[EventType "team-tourn"]
[EventCountry "IND"]
[SourceTitle "playchess.com"]
[Source "ChessBase"]
[SourceQuality "1"]
[WhiteTeam "Scotland"]
[BlackTeam "Uganda"]
[WhiteTeamCountry "SCO"]
[BlackTeamCountry "UGA"]
[TimeControl "40/5400+30:1800+30"]

1. c4 e5 2. Nc3 Nf6 3. g3 d5 4. cxd5 Nxd5 5. Bg2 Nb6 6. Nf3 Nc6 7. O-O Be7 8. d3 O-O 9. b3 Be6 10. Bb2 f6 11. Rc1 Qd7 12. Ne4 Bh3 13. Nc5 Bxc5 14. Rxc5 Bxg2 15. Kxg2 Nd8 16. Rc2 Ne6 17. Rd2 Nd5 18. e4 Ne7 19. d4 exd4 20. Nxd4 Ng5 21. Nf5 Qe6 22. Nxe7+ Qxe7 23. f3 Rad8 24. Rff2 Nf7 25. Rxd8 Rxd8 26. Rd2 Rxd2+ 27. Qxd2 h6 28. Qd4 c5 29. Qd5 Kh7 30. f4 b6 31. e5 fxe5 32. fxe5 Ng5 33. Qd3+ Kh8 34. Qd6 Qb7+ 35. Kf2 Qf3+ 36. Ke1 1/2-1/2

[Event "44th Chess Olympiad Women 2022"]
[Site "Chennai"]
[Date "2022.08.09"]
[Round "11.42"]
[White "Nansubuga, Gloria"]
[Black "Lampard, Alice"]
[Result "0-1"]
[ECO "D87"]
[WhiteElo "1538"]
[BlackElo "1729"]
[Annotator "NA RC COMBH"]
[PlyCount "126"]
[EventDate "2022.07.29"]
[EventType "team-tourn"]
[EventCountry "IND"]
[SourceTitle "playchess.com"]
[Source "ChessBase"]
[SourceQuality "1"]
[WhiteTeam "Uganda"]
[BlackTeam "Scotland"]
[WhiteTeamCountry "UGA"]
[BlackTeamCountry "SCO"]
[TimeControl "40/5400+30:1800+30"]

1. d4 Nf6 2. c4 g6 3. Nc3 d5 4. cxd5 Nxd5 5. e4 Nxc3 6. bxc3 Bg7 7. Nf3 O-O 8. Bc4 c5 9. Be3 Nc6 10. O-O cxd4 11. Nxd4 Na5 12. Bd3 Bd7 13. Rc1 Rc8 14. Qd2 Nc4 15. Qe2 Nxe3 16. Qxe3 a6 17. f4 Bg4 18. e5 Qb6 19. Kh1 Rfd8 20. Qg3 Bd7 21. f5 Be8 22. fxg6 hxg6 23. e6 Bxd4 24. exf7+ Bxf7 25. cxd4 Rc7 26. Rc2 Rxc2 27. Rd1 Rc1 28. Rxc1 Qxd4 29. Be2 Qd2 30. Qc7 Bxa2 31. h3 Qd7 32. Qb6 Qd6 33. Qxb7 Bd5 34. Qxa6 Qg3 35. Bf3 Bxf3 36. Qe6+ Kf8 37. gxf3 Qxf3+ 38. Kg1 Rd1+ 39. Rxd1 Qxd1+ 40. Kf2 Qc2+ 41. Kg3 Qf5 42. Qc6 Qe5+ 43. Kg2 Qg5+ 44. Kf3 Qf6+ 45. Qxf6+ exf6 46. Kf4 Kg7 47. Kg4 Kh6 48. Kh4 f5 49. Kg3 Kg5 50. Kg2 Kh4 51. Kh2 f4 52. Kg2 g5 53. Kh2 f3 54. Kh1 Kxh3 55. Kg1 Kg3 56. Kh1 Kf2 57. Kh2 Ke2 58. Kg1 f2+ 59. Kg2 f1=Q+ 60. Kh2 Qf4+ 61. Kg2 Qg4+ 62. Kh2 Kf2 63. Kh1 Qg2# 0-1

[Event "44th Chess Olympiad Women 2022"]
[Site "Chennai"]
[Date "2022.08.09"]
[Round "11.42"]
[White "Takali Milly"]
[Black "Reid, Caitlin"]
[Result "1-0"]
[ECO "D02"]
[WhiteElo "1482"]
[BlackElo "1437"]
[Annotator "NA RC COMBH"]
[PlyCount "77"]
[EventDate "2022.07.29"]
[EventType "team-tourn"]
[EventCountry "IND"]
[SourceTitle "playchess.com"]
[Source "ChessBase"]
[SourceQuality "1"]
[WhiteTeam "Uganda"]
[BlackTeam "Scotland"]
[WhiteTeamCountry "UGA"]
[BlackTeamCountry "SCO"]
[TimeControl "40/5400+30:1800+30"]

1. d4 d5 2. e3 Nc6 3. Nf3 g6 4. Nc3 Nf6 5. Be2 Bg7 6. b3 Ne4 7. Bb2 Bf5 8. h3 Qd7 9. Nxe4 Bxe4 10. Qd2 O-O 11. O-O a5 12. c4 e6 13. Nh2 Ne7 14. f3 Bf5 15. g4 Qd6 16. gxf5 Qg3+ 17. Kh1 Nxf5 18. Bd3 Qxh3 19. Bxf5 Qxf5 20. Rae1 dxc4 21. bxc4 Qf6 22. e4 Rfd8 23. Qf2 c5 24. Ng4 Qe7 25. d5 Bf8 26. Bf6 Qc7 27. Bxd8 Rxd8 28. Qh2 Qe7 29. e5 h5 30. Nf6+ Kh8 31. d6 Rxd6 32. exd6 Qxd6 33. Qxd6 Bxd6 34. Rd1 Be7 35. Ne4 g5 36. Rd7 Bf8 37. Rxf7 Bg7 38. Nxc5 Kg8 39. Rxb7 1-0

[Event "44th Chess Olympiad Women 2022"]
[Site "Chennai"]
[Date "2022.08.09"]
[Round "11.43"]
[White "Ortez, Andrea"]
[Black "Miller, Rachel"]
[Result "0-1"]
[ECO "C77"]
[WhiteElo "1908"]
[BlackElo "1961"]
[Annotator "TA"]
[PlyCount "86"]
[EventDate "2022.07.29"]
[EventType "team-tourn"]
[EventCountry "IND"]
[SourceTitle "playchess.com"]
[Source "ChessBase"]
[SourceQuality "1"]
[WhiteTeam "El Salvador"]
[BlackTeam "Jamaica"]
[WhiteTeamCountry "ESA"]
[BlackTeamCountry "JAM"]
[TimeControl "40/5400+30:1800+30"]

1. e4 e5 2. Nf3 Nc6 3. Bb5 a6 4. Ba4 Nf6 5. Qe2 b5 6. Bb3 Bc5 7. c3 O-O 8. O-O d6 9. Rd1 Bb6 {[%emt 0:00:54] C77: Ruy Lopez: 3...a6 4 Ba4 Nf6, unusual lines.} 10. d3 h6 11. h3 Re8 {[%emt 0:00:48] The position is equal.} 12. Nbd2 Be6 13. Bc2 d5 14. Nf1 d4 15. Ng3 Bc5 16. Nh4 {[%emt 0:11:05] [#]} (16. Bb3 $14) 16... Bf8 $146 ({Predecessor:} 16... dxc3 17. bxc3 Ng4 18. hxg4 Qxh4 19. Nf5 Bxf5 20. gxf5 Rad8 21. a3 Rd6 22. Qf3 Nb8 23. Kf1 Nd7 {1-0 (50) Pozo,B (2214)-Macias Velazquez,M (2162) Havana 2013}) 17. Ngf5 (17. Nf3 $11 {remains equal.}) 17... Kh7 (17... a5 $17) 18. Nf3 $11 g6 19. Ng3 Qd6 20. cxd4 Nxd4 21. Nxd4 Qxd4 22. Be3 Qxb2 23. d4 {[%emt 0:04:17] Now White is beyond hope.} (23. a4 $15) 23... Bc4 $19 ({Stronger than} 23... Bxa2 24. Bd3 Qxe2 25. Nxe2 $17) 24. Qf3 Qxc2 25. Qxf6 Bg7 26. Qh4 exd4 27. Rxd4 c5 28. Rd2 Qc3 29. Rad1 Be6 {[%emt 0:03:16] This bishop pair is nice.} 30. Ne2 (30. Kh2 $17) 30... Qe5 31. f3 Rac8 32. Qf2 {[%emt 0:01:27] [#]} c4 $1 33. Bd4 Qc7 34. Bxg7 Kxg7 35. Qd4+ (35. a3 $142) 35... Kh7 {[%emt 0:01:04] Hoping for ...c3.} 36. Qf6 Qe7 {[%emt 0:01:02] Prevents Rd7.} 37. Qf4 (37. Qxe7 Rxe7 38. Nf4) 37... c3 {[%emt 0:01:21] Black is clearly winning.} 38. Rc2 b4 39. Nd4 (39. Qe3 $142) 39... Red8 {[%emt 0:16:22] [#] And now ...Rc4 would win.} 40. Kh2 Qg5 41. Nxe6 Qxf4+ 42. Nxf4 Rxd1 43. Nd5 a5 {[%emt 0:00:48] Weighted Error Value: White=0.51/Black=0.12 (very precise)} 0-1

[Event "44th Chess Olympiad Women 2022"]
[Site "Chennai"]
[Date "2022.08.09"]
[Round "11.43"]
[White "Clarke, Adani"]
[Black "Garcia, Angie"]
[Result "1-0"]
[ECO "E73"]
[WhiteElo "1812"]
[BlackElo "1894"]
[Annotator "NA RC COMBH"]
[PlyCount "95"]
[EventDate "2022.07.29"]
[EventType "team-tourn"]
[EventCountry "IND"]
[SourceTitle "playchess.com"]
[Source "ChessBase"]
[SourceQuality "1"]
[WhiteTeam "Jamaica"]
[BlackTeam "El Salvador"]
[WhiteTeamCountry "JAM"]
[BlackTeamCountry "ESA"]
[TimeControl "40/5400+30:1800+30"]

1. d4 Nf6 2. c4 g6 3. Nc3 Bg7 4. e4 d6 5. Be2 O-O 6. Be3 Na6 7. g4 c5 8. g5 Nd7 9. Nf3 Nc7 10. h4 a6 11. Qd2 Ne6 12. Rd1 cxd4 13. Nxd4 Ndc5 14. b4 Nxd4 15. Bxd4 Bxd4 16. Qxd4 Ne6 17. Qe3 Bd7 18. e5 Bc6 19. Bf3 Bxf3 20. Qxf3 f6 21. gxf6 exf6 22. Rxd6 Qc8 23. Qd5 Re8 24. Ne4 Kh8 25. Nxf6 Re7 26. O-O Nf4 27. Qe4 Qf5 28. Qxf5 gxf5 29. Rfd1 Rf8 30. Rd7 Rff7 31. Rxe7 Rxe7 32. Rd7 Rxd7 33. Nxd7 Nd3 34. a3 Kg7 35. Kf1 Nb2 36. Nb6 Nd3 37. Nd7 Nb2 38. Nb6 Nd3 39. Ke2 Nxe5 40. Ke3 Kf6 41. h5 Ng4+ 42. Kf3 Kg5 43. Nd7 h6 44. a4 Kxh5 45. a5 Kg5 46. b5 h5 47. c5 Nh6 48. c6 1-0

[Event "44th Chess Olympiad Women 2022"]
[Site "Chennai"]
[Date "2022.08.09"]
[Round "11.43"]
[White "Herrera, Marjorie"]
[Black "Curwin, Nickaylah"]
[Result "1-0"]
[ECO "C02"]
[WhiteElo "1760"]
[BlackElo "1499"]
[Annotator "NA RC COMBH"]
[PlyCount "83"]
[EventDate "2022.07.29"]
[EventType "team-tourn"]
[EventCountry "IND"]
[SourceTitle "playchess.com"]
[Source "ChessBase"]
[SourceQuality "1"]
[WhiteTeam "El Salvador"]
[BlackTeam "Jamaica"]
[WhiteTeamCountry "ESA"]
[BlackTeamCountry "JAM"]
[TimeControl "40/5400+30:1800+30"]

1. e4 e6 2. d4 d5 3. e5 c5 4. c3 Nc6 5. Nf3 Qb6 6. Bd3 cxd4 7. O-O Nge7 8. Re1 Ng6 9. h4 Be7 10. h5 dxc3 11. Nxc3 Nf8 12. a3 h6 13. b4 Bd7 14. Na4 Qc7 15. Bb2 a6 16. Rc1 b5 17. Nc5 Qb6 18. Rc2 Bxc5 19. Rxc5 Rc8 20. Qc2 Qb7 21. Rc1 Ne7 22. Nd4 Rxc5 23. Qxc5 Qb8 24. Nb3 g6 25. Qd6 Qd8 26. hxg6 Nfxg6 27. Bxg6 fxg6 28. Nc5 Nf5 29. Qxa6 Kf7 30. Qb7 Ke7 31. Nxd7 Qxd7 32. Rc7 Rd8 33. Rxd7+ Rxd7 34. Qxb5 d4 35. Qd3 Rd5 36. f4 g5 37. g4 Ne3 38. fxg5 hxg5 39. Bxd4 Nxg4 40. Qh7+ Ke8 41. Qg8+ Kd7 42. Qf7+ 1-0

[Event "44th Chess Olympiad Women 2022"]
[Site "Chennai"]
[Date "2022.08.09"]
[Round "11.43"]
[White "Watson, Gabriella"]
[Black "Palacios, Celina"]
[Result "0-1"]
[ECO "B07"]
[WhiteElo "1164"]
[BlackElo "1715"]
[Annotator "NA RC COMBH"]
[PlyCount "46"]
[EventDate "2022.07.29"]
[EventType "team-tourn"]
[EventCountry "IND"]
[SourceTitle "playchess.com"]
[Source "ChessBase"]
[SourceQuality "1"]
[WhiteTeam "Jamaica"]
[BlackTeam "El Salvador"]
[WhiteTeamCountry "JAM"]
[BlackTeamCountry "ESA"]
[TimeControl "40/5400+30:1800+30"]

1. d4 Nf6 2. Bf4 d6 3. Nc3 g6 4. e4 c6 5. f3 Bg7 6. Qd2 b5 7. Nge2 Nbd7 8. h3 e5 9. Be3 O-O 10. Bh6 Qa5 11. Bxg7 Kxg7 12. g4 b4 13. Nd1 Rb8 14. h4 h5 15. Nf2 d5 16. Bh3 dxe4 17. fxe4 exd4 18. Nxd4 Ne5 19. g5 Nfg4 20. Bg2 Rd8 21. O-O Qc7 22. Rad1 c5 23. Nb5 Nf3+ 0-1

[Event "44th Chess Olympiad Women 2022"]
[Site "Chennai"]
[Date "2022.08.09"]
[Round "11.44"]
[White "Punsalan, Vyanla M"]
[Black "De la Riva Real, Ariadna"]
[Result "1-0"]
[ECO "B06"]
[WhiteElo "1895"]
[BlackElo "1649"]
[Annotator "NA RC COMBH"]
[PlyCount "83"]
[EventDate "2022.07.29"]
[EventType "team-tourn"]
[EventCountry "IND"]
[SourceTitle "playchess.com"]
[Source "ChessBase"]
[SourceQuality "1"]
[WhiteTeam "New Zealand"]
[BlackTeam "Andorra"]
[WhiteTeamCountry "NZL"]
[BlackTeamCountry "AND"]
[TimeControl "40/5400+30:1800+30"]

1. e4 c5 2. c3 d5 3. exd5 Qxd5 4. d4 g6 5. Nf3 Bg7 6. Be2 Nc6 7. Be3 cxd4 8. cxd4 Nh6 9. Nc3 Qa5 10. Bxh6 Bxh6 11. d5 Nb4 12. Bb5+ Bd7 13. Bxd7+ Kxd7 14. a3 Na6 15. O-O Bg7 16. b4 Qc7 17. Qa4+ Kd8 18. Nb5 Qd7 19. Rac1 h5 20. d6 exd6 21. Rfd1 d5 22. Qa5+ Ke8 23. Rc7 Nxc7 24. Nxc7+ Ke7 25. Qc5+ Kd8 26. Nxa8 Qc6 27. Qxa7 Re8 28. Qa5+ Ke7 29. Nb6 d4 30. Ne5 Bxe5 31. Qxe5+ Kf8 32. Qh8+ Ke7 33. Re1+ Kd8 34. Qxe8+ Qxe8 35. Rxe8+ Kxe8 36. Kf1 Ke7 37. Ke2 Ke6 38. Kd3 Ke5 39. b5 f5 40. a4 f4 41. a5 Kd6 42. a6 1-0

[Event "44th Chess Olympiad Women 2022"]
[Site "Chennai"]
[Date "2022.08.09"]
[Round "11.44"]
[White "Yu, Weiyang"]
[Black "Galera Serra, Maria"]
[Result "1-0"]
[ECO "C78"]
[WhiteElo "1504"]
[BlackElo "1464"]
[Annotator "NA RC COMBH"]
[PlyCount "145"]
[EventDate "2022.07.29"]
[EventType "team-tourn"]
[EventCountry "IND"]
[SourceTitle "playchess.com"]
[Source "ChessBase"]
[SourceQuality "1"]
[WhiteTeam "New Zealand"]
[BlackTeam "Andorra"]
[WhiteTeamCountry "NZL"]
[BlackTeamCountry "AND"]
[TimeControl "40/5400+30:1800+30"]

1. e4 e5 2. Nf3 Nc6 3. Bb5 a6 4. Ba4 Nf6 5. O-O b5 6. Bb3 Bc5 7. c3 d6 8. h3 O-O 9. d4 exd4 10. cxd4 Bb6 11. Be3 Na5 12. Bc2 Nc4 13. Bc1 h6 14. b3 Na5 15. Be3 c5 16. Nc3 cxd4 17. Bxd4 Nc6 18. Bxb6 Qxb6 19. Nd5 Qd8 20. Qd3 Ne5 21. Nxe5 dxe5 22. f4 Nxd5 23. exd5 e4 24. Qxe4 f5 25. Qd4 Rf6 26. Rfe1 Bb7 27. Re5 Qd7 28. Rae1 Raf8 29. b4 Qd8 30. Bb3 Rg6 31. Re6 Rg3 32. R1e3 Rxe3 33. Rxe3 Rf6 34. Qc5 Kh7 35. Re5 Bc8 36. Bc2 Rf7 37. d6 Rf6 38. Rd5 Kh8 39. Qc7 Rf8 40. Qxd8 Rxd8 41. Kf2 g6 42. g4 fxg4 43. hxg4 Bxg4 44. Bxg6 Kg7 45. f5 Kf6 46. Kg3 Be2 47. Kh4 Bf3 48. Rd2 Bc6 49. Kh5 Bd7 50. Rc2 Bxf5 51. Rf2 Rxd6 52. Rxf5+ Ke7 53. Rc5 Rd2 54. Rc2 Rd4 55. Rc6 Rxb4 56. Rxa6 Ra4 57. Rxa4 bxa4 58. Bc2 Kd6 59. Bxa4 Kc5 60. Kxh6 Kb4 61. Bb3 Ka3 62. Kg5 Kb4 63. Kf4 Ka3 64. Ke4 Kb4 65. Kd5 Ka5 66. Kc5 Ka6 67. a4 Ka5 68. Bc2 Ka6 69. Kb4 Kb6 70. a5+ Ka7 71. Kb5 Kb7 72. a6+ Ka7 73. Ka5 1-0

[Event "44th Chess Olympiad Women 2022"]
[Site "Chennai"]
[Date "2022.08.09"]
[Round "11.44"]
[White "De la Riva Real, Jana"]
[Black "Thurner, Anya"]
[Result "0-1"]
[ECO "C45"]
[WhiteElo "1167"]
[BlackElo "1619"]
[Annotator "NA RC COMBH"]
[PlyCount "88"]
[EventDate "2022.07.29"]
[EventType "team-tourn"]
[EventCountry "IND"]
[SourceTitle "playchess.com"]
[Source "ChessBase"]
[SourceQuality "1"]
[WhiteTeam "Andorra"]
[BlackTeam "New Zealand"]
[WhiteTeamCountry "AND"]
[BlackTeamCountry "NZL"]
[TimeControl "40/5400+30:1800+30"]

1. e4 e5 2. Nf3 Nc6 3. Nc3 Nf6 4. d4 exd4 5. Nxd4 Bc5 6. Nxc6 dxc6 7. Qxd8+ Kxd8 8. Bd3 Be6 9. Bg5 h6 10. Bh4 g5 11. Bg3 Nh5 12. Ne2 Nxg3 13. Nxg3 Kd7 14. Rf1 Rad8 15. O-O-O Kc8 16. a3 Rd7 17. h3 Rhd8 18. Nh5 Bd4 19. f4 Be3+ 20. Kb1 gxf4 21. Nxf4 Bc4 22. Rf3 Bxf4 23. Rxf4 Bxd3 24. cxd3 Rxd3 25. Rxd3 Rxd3 26. Rxf7 Rg3 27. Rf2 Kd7 28. Re2 Kd6 29. Kc2 c5 30. Rd2+ Ke6 31. Re2 b5 32. Kd2 a5 33. Kc2 a4 34. Kb1 b4 35. Ka2 b3+ 36. Kb1 c4 37. Kc1 c3 38. bxc3 Rxc3+ 39. Kb2 Rg3 40. Kc1 c5 41. Rd2 c4 42. Rd4 c3 43. Rxa4 Rxg2 44. Rb4 Rg1# 0-1

[Event "44th Chess Olympiad Women 2022"]
[Site "Chennai"]
[Date "2022.08.09"]
[Round "11.45"]
[White "Munoz Santana, Doribel"]
[Black "Burbach, Anya Belle"]
[Result "1/2-1/2"]
[ECO "A13"]
[WhiteElo "1851"]
[BlackElo "1375"]
[Annotator "NA RC COMBH"]
[PlyCount "136"]
[EventDate "2022.07.29"]
[EventType "team-tourn"]
[EventCountry "IND"]
[SourceTitle "playchess.com"]
[Source "ChessBase"]
[SourceQuality "1"]
[WhiteTeam "Dominican Republic"]
[BlackTeam "Thailand"]
[WhiteTeamCountry "DOM"]
[BlackTeamCountry "THA"]
[TimeControl "40/5400+30:1800+30"]

1. Nf3 d5 2. e3 Nf6 3. c4 e6 4. cxd5 exd5 5. d4 Bf5 6. Be2 Bd6 7. O-O O-O 8. Nc3 c6 9. a3 h6 10. b4 a6 11. Na4 Nbd7 12. Bb2 Re8 13. Nc5 Qc7 14. h3 Rad8 15. Rc1 Qb8 16. Nd3 Ne4 17. Nfe5 f6 18. Nxd7 Rxd7 19. Bg4 Bxg4 20. Qxg4 Rf7 21. Rc2 Qc8 22. Qxc8 Rxc8 23. g3 g5 24. Kg2 Bf8 25. Bc1 Re8 26. Re1 Bg7 27. Nc5 Nxc5 28. bxc5 f5 29. Rd1 Bf6 30. Rd3 Bd8 31. Rb3 Ba5 32. Rcb2 Ree7 33. Kf3 h5 34. Kg2 Rg7 35. Kf1 h4 36. Kg2 Kf8 37. a4 Ke8 38. Bd2 Bxd2 39. Rxd2 Kd8 40. g4 fxg4 41. hxg4 Rgf7 42. f3 Kc8 43. Rf2 Rf6 44. Kh3 Rfe6 45. Re2 a5 46. Kg2 Re8 47. Kh3 Rf6 48. Rf2 Ref8 49. Kg2 R8f7 50. Rc3 Kb8 51. Rb3 Ka7 52. Rf1 h3+ 53. Kxh3 Rxf3+ 54. Rxf3 Rxf3+ 55. Kg2 Rf7 56. Rb1 Re7 57. Kf2 Rh7 58. Kg3 Re7 59. Kf2 Re4 60. Kf3 Re7 61. Kf2 Re8 62. Rh1 Rg8 63. Rb1 Rh8 64. Kg3 Re8 65. Kf3 Re7 66. Kf2 Kb8 67. Rh1 Ka7 68. Rb1 Rh7 1/2-1/2